 Dungeon Crawl Stone Soup version bcrawl-1.13.1 (webtiles) character file.

Game seed: 16139810970799127489

3701 Chiseanne the Quickloader (level 9, -2/63 HPs)
             Began as a Demonspawn Archaeologist on Aug 2, 2019.
             Was an Initiate of Gozag.
             Killed by divine providence
             ... invoked by an orc priest
              (17 damage)
             ... on level 7 of the Dungeon.
             The game lasted 00:15:50 (7644 turns).

Chiseanne the Quickloader (DsAc)                    Turns: 7644, Time: 00:15:50

Health: -2/63      AC:  8    Str: 12    XL:     9   Next: 91%
Magic:  17/17      EV: 16    Int: 16    God:    Gozag
Gold:   831        SH:  0    Dex: 17    Spells: 19/19 levels left

rFire    . . .     SeeInvis +   w - +9 heavy crossbow "Sniper" {velocity, Acc+∞ SInv}
rCold    . . .     Gourm    .   (shield currently unavailable)
rNeg     . . .     Faith    .   E - +2 robe {Archmagi}
rPois    .         Spirit   .   c - +1 hat
rElec    .         Reflect  .   (no cloak)
rCorr    .         Harm     .   r - +0 pair of gloves
MR       .....                  d - +1 pair of boots
Stlth    ++++......             (no amulet)
HPRegen  0.20/turn              x - +3 ring of dexterity
MPRegen  0.15/turn              (no ring)

@: gold aura
A: antennae 2, claws 1, talons 1, nightstalker 1
a: Potion Petition, Call Merchant, Bribe Branch, Renounce Religion


You were on level 7 of the Dungeon.
You worshipped Gozag.
Gozag was pleased with you.
You were not hungry.

You visited 2 branches of the dungeon, and saw 8 of its levels.

You collected 917 gold pieces.
You paid 86 gold pieces to Gozag.

Inventory:

Hand Weapons
 q - a +2 blowgun
 w - the +9 heavy crossbow "Sniper" (weapon) {velocity, Acc+∞ SInv} Any bolt fired from it inflicts extra damage. It lets you see invisible.
Missiles
 b - 458 poisoned needles
 f - 238 bolts (quivered)
 i - 151 tomahawks
 n - 331 sling bullets
 t - 367 arrows
 A - 52 needles of frenzy
Armour
 c - a +1 hat (worn)
 d - a +1 pair of boots (worn)
 r - a +0 pair of gloves (worn)
 E - a +2 robe of the Archmagi (worn)
Jewellery
 x - a +3 ring of dexterity (left hand)
Wands
 a - a wand of acid (10)
Scrolls
 k - 2 scrolls of fear
 m - a scroll of teleportation
 o - 5 scrolls of remove curse
 y - 2 scrolls of magic mapping
 D - a scroll of immolation
Potions
 e - a potion of cancellation {unknown}
 h - 5 potions of invisibility
 l - a potion of resistance {unknown}
 p - 3 potions of agility {unknown}
 s - 4 potions of curing
 u - 3 potions of might
 v - 2 potions of magic {unknown}
 z - 5 potions of mutation
 C - 2 potions of flight {unknown}
Miscellaneous
 j - a box of beasts
Comestibles
 g - 8 rations {!d}


   Skills:
 - Level 3.1 Fighting
   Level 0.8 Maces & Flails
 * Level 9.2 Crossbows
 - Level 1.8 Armour
 * Level 6.5 Dodging
 * Level 6.1 Stealth
 * Level 5.5 Spellcasting


You had 19 spell levels left.
You didn't know any spells.
Your spell library was empty.

Dungeon Overview and Level Annotations

Branches:
Dungeon (7/12)             Temple (1/1) D:5
   Lair: D:7-10

Altars:
Ashenzari
Cheibriados
Dithmenos
Elyvilon
Fedhas
Gozag
Hepliaklqana
Lugonu
Makhleb
Nemelex Xobeh
Okawaru
Qazlal
Ru
Sif Muna
Trog
Uskayaw
Vehumet
Xom
Yredelemnul
Zin
The Shining One


Innate Abilities, Weirdness & Mutations

You have a pair of antennae on your head.
You have sharp fingernails.
You have sharp toenails.
You are slightly more attuned to the shadows.


Message History

You kill the orc warrior!
The orc priest mumbles some strange prayers to Beogh against you.
Beogh smites you! The black bear bites you. The black bear claws you.
The black bear misses you.
Firing (i - inventory. (/) - cycle)
f - 239 bolts (quivered)
Press: ? - help, Shift-Dir - straight line, f - black bear
Aim: a black bear (heavily wounded)
You shoot a bolt. The bolt hits the black bear.
The black bear is heavily wounded.
The orc priest invokes the aid of Beogh against you.
Beogh smites you!
* * * LOW HITPOINT WARNING * * *
The black bear bites you but does no damage.
The black bear claws you but does no damage.
The black bear claws you.
* * * LOW HITPOINT WARNING * * *
The orc priest mumbles some strange prayers to Beogh against you.
Beogh smites you!
You die...
Your body crumbles into a pile of gold.

...................#...###.
...........................
......).....#######........
........#...#≈≈.≈≈#.....##.
........#..)#≈)#.≈#........
...........)+)###/'......#.
...........##≈.#.≈#...##.#.
...........##≈≈.≈≈#...#....
..........@########........
.........h## ..###....
.........o.# #.. $...
##...$..o.# ... ..)
#.......o# .. ./.......o.
............. .........$...
...###.......


You could see a black bear and 2 orc priests.

Vanquished Creatures
  Joseph (D:7)
  A hippogriff (D:7)
  Eustachio (D:5)
  Duvessa (D:7)
  A porcupine (D:7)
  3 orc warriors
  3 ice beasts
  A sky beast (D:6)
  3 black bears
  A phantom (D:5)
  An ogre (D:5)
  A centaur (D:5)
  2 bullfrogs (D:7)
  Dowan (D:7)
  3 scorpions
  4 wights (D:7)
  6 howler monkeys
  7 crimson imps
  2 hounds
  A quasit (D:7)
  A bullfrog zombie (D:5)
  A bullfrog skeleton (D:4)
  A centaur zombie (D:5)
  3 orc wizards
  2 centaur skeletons
  An orc priest (D:4)
  4 worker ants
  A hound skeleton (D:4)
  A worker ant zombie (D:5)
  4 gnolls
  9 adders
  3 adder skeletons
  5 worms
  4 dart slugs
  4 leopard geckos
  17 orcs
  2 giant cockroaches (D:2)
  A goblin (D:2)
  6 hobgoblins
  7 jackals
  7 kobolds
  5 quokkas
  5 bats
  6 frilled lizards
  2 jackal skeletons
  A leopard gecko skeleton (D:5)
  A quokka zombie (D:4)
  9 rats
157 creatures vanquished.

Vanquished Creatures (others)
  40 fungi (D:7)
  23 plants (D:7)
63 creatures vanquished.

Grand Total: 220 creatures vanquished

Notes
Turn   | Place    | Note
-------+----------+-------------------------------------------
     0 | D:1      | Chiseanne the Demonspawn Archaeologist began the quest for
                  | the Orb.
     0 | D:1      | Reached XP level 1. HP: 15/15 MP: 1/1
   368 | D:1      | Gained mutation: You have sharp toenails. [demonic
                  | ancestry]
   368 | D:1      | Reached XP level 2. HP: 22/22 MP: 2/2
  1257 | D:2      | Gained mutation: You have sharp fingernails. [demonic
                  | ancestry]
  1257 | D:2      | Reached XP level 3. HP: 20/29 MP: 3/3
  1537 | D:2      | Reached skill level 1 in Crossbows
  1992 | D:3      | Reached skill level 2 in Crossbows
  2250 | D:3      | Reached XP level 4. HP: 6/35 MP: 4/4
  2610 | D:3      | Reached skill level 3 in Crossbows
  3264 | D:3      | Found a faded altar of an unknown god.
  3609 | D:3      | Reached skill level 4 in Crossbows
  4480 | D:4      | Reached skill level 5 in Crossbows
  4480 | D:4      | Reached XP level 5. HP: 35/41 MP: 5/5
  4508 | D:3      | Reached skill level 6 in Crossbows
  4754 | D:4      | Gained mutation: You have a pair of small antennae on your
                  | head. [demonic ancestry]
  4754 | D:4      | Reached XP level 6. HP: 43/47 MP: 6/6
  4802 | D:4      | Found an iron altar of Okawaru.
  4855 | D:4      | Reached skill level 1 in Armour
  4897 | D:4      | Reached skill level 7 in Crossbows
  4929 | D:4      | Reached XP level 7. HP: 50/52 MP: 7/7
  5145 | D:5      | Entered Level 5 of the Dungeon
  5248 | D:5      | Found a staircase to the Ecumenical Temple.
  5250 | D:5      | Reached skill level 1 in Spellcasting
  5259 | Temple   | Entered the Ecumenical Temple
  5363 | Temple   | Became a worshipper of Gozag Ym Sagoz the Greedy
  5410 | D:5      | Noticed Eustachio
  5415 | D:5      | Killed Eustachio
  5614 | D:5      | Gained mutation: You are slightly more attuned to the
                  | shadows. [demonic ancestry]
  5614 | D:5      | Reached XP level 8. HP: 58/58 MP: 10/12
  6172 | D:5      | Reached skill level 8 in Crossbows
  6584 | D:6      | Reached skill level 5 in Dodging
  6990 | D:6      | Found Afaud's Distillery.
  7049 | D:7      | Noticed a hippogriff
  7052 | D:7      | Killed a hippogriff
  7052 | D:7      | Gained mutation: You have a pair of antennae on your head.
                  | [demonic ancestry]
  7052 | D:7      | Reached XP level 9. HP: 54/63 MP: 15/15
  7140 | D:7      | Noticed Duvessa
  7142 | D:7      | Killed Duvessa
  7161 | D:7      | Noticed Dowan
  7165 | D:7      | Killed Dowan
  7165 | D:7      | Reached skill level 5 in Stealth
  7182 | D:7      | Reached skill level 5 in Spellcasting
  7407 | D:7      | Noticed Joseph
  7409 | D:7      | HP: 3/63 [Joseph/sling bullet (4)]
  7413 | D:7      | Killed Joseph
  7413 | D:7      | Reached skill level 9 in Crossbows
  7644 | D:7      | Killed from afar by an orc priest

Skill      XL: |  1  2  3  4  5  6  7  8  9 |
---------------+----------------------------+-----
Fighting       | 2 3 |  3.1
Crossbows      | 2 5 6 7 8 9 |  9.2
Armour         | 1 |  1.8
Dodging        | 3 4 5 6 |  6.5
Spellcasting   | 2 4 5 |  5.5
Stealth        | 4 6 |  6.1
Maces & Flails | |  0.8

Action                   |  1- 3 |  4- 6 |  7- 9 || total
-------------------------+-------+-------+-------++-------
Melee: Whip              |   181 |     2 |       ||   183
       Short sword       |       |    59 |       ||    59
       Flail             |       |    69 |       ||    69
 Fire: Blowgun           |       |     5 |       ||     5
       Heavy crossbow    |       |    14 |   131 ||   145
Throw: Tomahawk          |       |     1 |       ||     1
  Use: Scroll            |     4 |     4 |     6 ||    14
       Potion            |       |     1 |     2 ||     3
 Stab: Sleeping          |     5 |     2 |       ||     7
  Eat: Chunk             |     4 |     6 |     1 ||    11
       Ration            |       |     1 |     2 ||     3
Armor: Robe              |     5 |       |    35 ||    40
       Ring mail         |    89 |    16 |       ||   105
       Scale mail        |       |    54 |     1 ||    55
Dodge: Dodged            |   119 |    96 |    83 ||   298
